 Dungeon Crawl Stone Soup version 0.28-a0-1616-g050a50673c (webtiles) character file.

Game seed: 4630808265626758410

410 tatocazan the Covert (level 6, -3/42 HPs)
             Began as an Octopode Brigand on Jan 22, 2022.
             Slain by a water moccasin skeleton (5 damage)
             ... on level 4 of the Dungeon.
             The game lasted 00:04:58 (4349 turns).

tatocazan the Covert (Octopode Brigand)             Turns: 4349, Time: 00:04:59

Health: -3/42      AC:  1    Str: 10    XL:     6   Next: 89%
Magic:  6/6        EV: 12    Int: 14    God:
Gold:   118        SH:  0    Dex: 15    Spells: 5/5 levels left

rFire   . . .      SeeInvis .   e - +2 dagger (venom)
rCold   . . .      Faith    .   (no shield)
rNeg    . . .      Spirit   .   (helmet restricted)
rPois   .          Reflect  .   (no amulet)
rElec   .          Harm     .   (no ring)
rCorr   .          Rampage  .   (no ring)
Will    .....                   (no ring)
Stlth   +++++.....              (no ring)
HPRegen 0.14/turn               (no ring)
MPRegen 0.10/turn               (no ring)
                                (no ring)
                                (no ring)

@: no status effects
A: almost no armour, amphibious, 8 rings, camouflage 1, gelatinous body 1,
(nimble swimmer 1), tentacles
a: no special abilities


You were on level 4 of the Dungeon.
You visited 1 branch of the dungeon, and saw 4 of its levels.

You collected 118 gold pieces.

Inventory:

Hand Weapons
 e - a +2 dagger of venom (weapon)
Missiles
 b - 15 poisoned darts (quivered)
 c - 2 curare-tipped darts
Armour
 j - a +0 cloak
Wands
 n - a wand of iceblast (11)
Scrolls
 a - 2 scrolls of identify
 d - 2 scrolls of teleportation
Potions
 f - a potion of attraction
 g - a potion of cancellation {unknown}
 h - 2 potions of lignification {unknown}
 k - a potion of invisibility {unknown}
 l - 2 potions of berserk rage {unknown}
 m - a potion of haste {unknown}


   Skills:
 + Level 3.5 Fighting
 * Level 4.6 Short Blades
 - Level 2.0 Throwing
 - Level 1.0 Dodging
 * Level 8.2 Stealth


You had 5 spell levels left.
You didn't know any spells.
Your spell library contained the following spells:

 Spells                   Type           Power      Damage    Failure   Level
 Magic Dart               Conj           0%         1d3       28%         1
 Call Imp                 Summ           0%         N/A       41%         2
 Mephitic Cloud           Conj/Pois/Air  0%         N/A       65%         3


Dungeon Overview and Level Annotations

Branches:
Dungeon (4/15)
 Temple: D:4-7

Altars:
Ashenzari
Ru
Yredelemnul

Annotations:
D:2 1 runed translucent door, Crazy Yiuf, Natasha


Innate Abilities, Weirdness & Mutations

You cannot wear most types of armour.
You are amphibious.
You can wear up to eight rings at the same time.
Your skin changes colour to match your surroundings (Stealth+).
Your rubbery body absorbs attacks. (AC +1, EV +1)
((You are camouflaged when in or above water. (Stealth+)))
You have tentacles for arms and can constrict up to eight enemies at once.


Message History

The sky beast is moderately wounded.
The water moccasin skeleton barely misses you.
The sky beast hits you. The sky beast shocks you.
You take 8 damage, and have 20/42 hp.
You closely miss the sky beast.
The sky beast is heavily wounded.
The water moccasin skeleton closely misses you.
The sky beast misses you.
The sky beast flickers out of sight!
Deactivating autopickup; reactivate with Ctrl-A.
The water moccasin skeleton bites you. Something hits you.
Something shocks you.
* * * LOW HITPOINT WARNING * * *
The water moccasin skeleton bites you.
* * * LOW HITPOINT WARNING * * *
You take 14 damage, and have 7/42 hp.
MASSIVE DAMAGE!!
You hit the water moccasin skeleton. You grab the water moccasin skeleton.
The water moccasin skeleton is lightly damaged.
You constrict the water moccasin skeleton, but do no damage.
Reactivating autopickup.
You feel a bit more experienced.
Your Stealth skill increases to level 8!
You hit the water moccasin skeleton.
The water moccasin skeleton is lightly damaged.
You constrict the water moccasin skeleton.
The water moccasin skeleton barely misses you.
You hit the water moccasin skeleton.
The water moccasin skeleton is moderately damaged.
You constrict the water moccasin skeleton.
The water moccasin skeleton bites you.
* * * LOW HITPOINT WARNING * * *
You take 6 damage, and have 1/42 hp.
You hit the water moccasin skeleton.
The water moccasin skeleton is heavily damaged.
You constrict the water moccasin skeleton.
The water moccasin skeleton closely misses you.
You release your grip on the water moccasin skeleton.
Found a stone staircase leading down.
The water moccasin skeleton bites you.
You die...

##+###...# .#....
#........#####....
#............#....
#............#....
#+###'########....
.###+##............##...
...........†........##..
.>...................##.
.......@Z.............##
######################.#


You could see a water moccasin skeleton.

Vanquished Creatures
  A sky beast (D:4)
  A black bear (D:3)
  A scorpion (D:4)
  Jessica (D:3)
  Natasha (D:2)
  3 adders
  2 worms (D:2)
  2 dart slugs (D:1)
  An orc (D:4)
  9 ball pythons
  5 bats
  10 endoplasms
  14 giant cockroaches
  8 goblins
  4 hobgoblins
  4 jackals (D:1)
  A frilled lizard (D:2)
  8 kobolds
  7 rats
83 creatures vanquished.

Notes
Turn   | Place    | Note
-------+----------+-------------------------------------------
     0 | D:1      | tatocazan the Octopode Brigand began the quest for the Orb.
     0 | D:1      | Reached XP level 1. HP: 14/14 MP: 1/1
   193 | D:1      | Reached XP level 2. HP: 18/19 MP: 2/2
   656 | D:1      | Reached XP level 3. HP: 24/24 MP: 3/3
   802 | D:1      | Found a faded altar of an unknown god.
   807 | D:1      | Reached skill level 6 in Stealth
  1222 | D:2      | Noticed Natasha
  1233 | D:2      | Killed Natasha
  1234 | D:2      | Reached XP level 4. HP: 11/30 MP: 4/4
  1988 | D:2      | Noticed Natasha
  2162 | D:2      | Found a runed translucent door.
  2163 | D:2      | Noticed Crazy Yiuf
  2652 | D:2      | Reached XP level 5. HP: 36/36 MP: 5/5
  2656 | D:2      | Identified the +0 hand axe of Turmoil {freeze, rElec rC++
                  | Str+3 Int+2}
  3376 | D:3      | Noticed a black bear
  3384 | D:3      | Reached skill level 7 in Stealth
  3387 | D:3      | Killed a black bear
  3393 | D:3      | Noticed Jessica
  3400 | D:3      | Killed Jessica
  3401 | D:3      | Reached XP level 6. HP: 35/42 MP: 6/6
  3853 | D:4      | Found a broken altar of Ashenzari.
  3889 | D:4      | Found a sacrificial altar of Ru.
  3917 | D:4      | Found a basalt altar of Yredelemnul.
  4327 | D:4      | Noticed a sky beast
  4343 | D:4      | Killed a sky beast
  4344 | D:4      | Reached skill level 8 in Stealth
  4345 | D:4      | HP: 1/42 [water moccasin skeleton (6)]
  4349 | D:4      | Slain by a water moccasin skeleton

Illustrated notes

Levels and vault maps discovered:
D:1:      dpeg_arrival_renting, layout_loops_ring,
          hellmonk_ecumenical_altar_blasted, serial_forest,
          infiniplex_forest_end_2, infiniplex_forest_lined_corner,
          infiniplex_forest_diagonal, infiniplex_forest_straight_4,
          infiniplex_forest_zigzag_1
D:2:      minmay_roachtagon, layout_rooms, serial_curves, eino_curves_01,
          eino_curves_04, eino_curves_04, uniq_crazy_yiuf_cottage, uniq_natasha
D:3:      layout_basic, uniq_jessica
D:4:      gammafunk_cloud_chamber, layout_gridville,
          nicolae_overflow_hidden_temple, amcnicky_altar_gilded,
          kennysheep_big_empty_room, grunt_ministairs_2, wad_floor_pattern_1,
          lightli_corner_chamber

Skill      XL: |  1  2  3  4  5  6 |
---------------+-------------------+-----
Stealth        | 6 7 8 |  8.2
Short Blades   | 3 4 |  4.6
Fighting       | 3 |  3.5
Throwing       | |  2.0
Dodging        | |  1.0

Action                   |  1- 3 |  4- 6 || total
-------------------------+-------+-------++-------
Melee: Dagger            |    61 |    95 ||   156
       Constrict         |    13 |    19 ||    32
       Tentacles         |    10 |    21 ||    31
Throw: Dart              |     2 |       ||     2
  Use: Potion            |       |     2 ||     2
       Scroll            |       |     4 ||     4
 Stab: Sleeping          |    17 |    16 ||    33
Armor: Skin              |     8 |    10 ||    18
Dodge: Dodged            |    35 |    68 ||   103

Table legend: (Time is in decaauts)
 A = Elapsed time spent in this place.
 B = Non-inter-level travel time spent in this place.
 C = Inter-level travel time spent in this place.
 D = Time resting spent in this place.
 E = Time spent auto-exploring this place.
 F = Levels seen in this place.
 G = Mean time per level.
                   A        B        C        D        E       F      G
               +--------+--------+--------+--------+--------+-----+--------+
         Total |   4332 |   4243 |     89 |   1747 |   1821 |   4 | 1083.0 |
       Dungeon |   4332 |   4243 |     89 |   1747 |   1821 |   4 | 1083.0 |
               +--------+--------+--------+--------+--------+-----+--------+

Top non-repeatable levels by time:
     D:1: 2056 daAuts
     D:3: 1015 daAuts
     D:2: 725 daAuts
     D:4: 535 daAuts
